 Dungeon Crawl Stone Soup version 0.24-a0-48-g0ecae65 (webtiles) character file.

Game seed: 4512287416172659028

935 Lanoc the Chopper (level 7, -4/61 HPs)
             Began as a Minotaur Gladiator on Feb 3, 2019.
             Shot with a bolt by an orc (11 damage)
             ... in a bailey.
             The game lasted 00:08:41 (4757 turns).

Lanoc the Chopper (Minotaur Gladiator)              Turns: 4757, Time: 00:08:42

Health: -4/61      AC:  7    Str: 25    XL:     7   Next: 87%
Magic:  6/6        EV: 13    Int:  5    God:
Gold:   201        SH:  0    Dex: 12    Spells: 6/6 levels left

rFire    . . .     SeeInvis .   r - +2 hand axe (flame)
rCold    . . .     Gourm    .   (no shield)
rNeg     . . .     Faith    .   u - +0 ring mail {MR+}
rPois    .         Spirit   .   c - +1 hat
rElec    .         Reflect  .   (no cloak)
rCorr    .         Harm     .   (no gloves)
MR       +....                  (no boots)
Stlth    +.........             (no amulet)
HPRegen  0.20/turn              (no ring)
MPRegen  0.10/turn              (no ring)

@: mighty
A: retaliatory headbutt, horns 2
a: no special abilities


You were in a bailey.
You were not hungry.

You visited 2 branches of the dungeon, and saw 8 of its levels.
You also visited: Bailey.

You collected 201 gold pieces.

Inventory:

Hand Weapons
 a - a +0 war axe
 r - a +2 hand axe of flaming (weapon)
Missiles
 b - 3 bolts
 d - 3 throwing nets (quivered)
 q - 17 sling bullets
 v - 44 arrows
Armour
 c - a +1 hat (worn)
 u - a +0 ring mail of magic resistance (worn)
Scrolls
 l - 5 scrolls of enchant armour
Potions
 j - a potion of might
 k - 2 potions of curing
 n - 2 potions of brilliance
 s - a potion of mutation
 t - 2 potions of ambrosia
Comestibles
 f - 6 rations


   Skills:
 + Level 5.2 Fighting
 * Level 7.8 Axes
 - Level 2.0 Throwing
 + Level 4.5 Armour
 + Level 5.5 Dodging


You had 6 spell levels left.
You didn't know any spells.
Your spell library contained the following spells:

 Spells                   Type           Power        Failure   Level  Hunger
 Animate Skeleton         Necr           N/A          61%         1    ##.....
 Pain                     Necr           #...         61%         1    ##.....
 Regeneration             Chrm/Necr      #.........   93%         3    ####...
 Vampiric Draining        Necr           #.........   93%         3    ####...
 Animate Dead             Necr           N/A          100%        4    #####..


Dungeon Overview and Level Annotations

Branches:
Dungeon (8/15)             Temple (1/1) D:5
   Lair: D:8-11

Altars:
Cheibriados
Dithmenos
Elyvilon
Fedhas
Hepliaklqana
Makhleb
Nemelex Xobeh
Okawaru
Qazlal
Ru
Trog
Wu Jian
Xom
Yredelemnul
The Shining One


Innate Abilities, Weirdness & Mutations

You reflexively headbutt those who attack you in melee.
You have a pair of horns on your head.


Message History

The orc shoots a bolt.
The bolt misses you.
You see here a bolt.
The orc shouts!
You hear a shout!
The orc shoots a bolt.
The bolt hits you!
You see here a bolt.
The orc shoots a bolt.
The bolt barely misses you.
You see here a bolt.
The orc shoots a bolt.
The bolt closely misses you.
You see here a bolt.
The orc shouts!
The orc disappears!
The orc shoots a bolt.
The bolt hits you!
You see here a bolt.
The orc warrior shoots a bolt.
The bolt hits you!
The orc shoots a bolt.
The bolt hits you!
* * * LOW HITPOINT WARNING * * *
You see here 2 bolts.
The orc shoots a bolt.
The bolt hits you!
* * * LOW HITPOINT WARNING * * *
The orc shoots a bolt.
The bolt hits you!
You die...

...........(#
........o.............(#
...........≈≈≈≈≈.......#
..........≈≈#.#≈≈.....(#
..........≈##.##≈......#
..........≈o.^..≈......#
..........≈#∩o##≈......#
#......≈≈#o#≈≈.....(#
#@...≈≈≈≈≈......(#
##(.............(#
##..............#
#.............(#
##(...........(#
#...((((......#
#.............#
#.............#
#..........((.#


You could see an orc warrior and 3 orcs.

Vanquished Creatures
  An ogre (D:5)
  3 centaurs
  A scorpion (D:4)
  3 crimson imps
  2 orc priests (D:5)
  4 orc wizards
  A jelly (D:4)
  2 iguanas (D:4)
  A hound zombie (D:5)
  A hound skeleton (D:4)
  6 gnolls
  5 adders
  2 oozes (D:2)
  2 adder skeletons (D:4)
  3 worms
  A dart slug (D:2)
  5 leopard geckos
  5 orcs
  3 giant cockroaches
  6 goblins
  8 hobgoblins
  3 jackals (D:1)
  2 quokkas
  A ball python (D:1)
  9 bats
  4 frilled lizards
  2 goblin skeletons (D:4)
  A hobgoblin zombie (D:4)
  9 kobolds
  2 kobold skeletons (D:4)
  An orc skeleton (D:4)
  An orc zombie (D:4)
  5 rats
105 creatures vanquished.

Vanquished Creatures (others)
  A bat (D:2)
1 creature vanquished.

Grand Total: 106 creatures vanquished

Notes
Turn   | Place    | Note
-------+----------+-------------------------------------------
     0 | D:1      | Lanoc the Minotaur Gladiator began the quest for the Orb.
     0 | D:1      | Reached XP level 1. HP: 18/18 MP: 0/0
   105 | D:1      | Reached XP level 2. HP: 25/25 MP: 1/1
   108 | D:1      | Reached skill level 4 in Axes
   111 | D:1      | Reached skill level 1 in Armour
   493 | D:1      | Reached XP level 3. HP: 26/30 MP: 2/2
  1018 | D:2      | Reached XP level 4. HP: 32/38 MP: 3/3
  1300 | D:2      | Reached skill level 5 in Axes
  1327 | D:2      | Found a stormy altar of Qazlal.
  1479 | D:2      | Reached XP level 5. HP: 41/45 MP: 4/4
  1635 | D:3      | Found a white marble altar of Elyvilon.
  2520 | D:4      | Found a bloodstained altar of Trog.
  2576 | D:4      | Found a shimmering altar of Xom.
  2860 | D:4      | Found a glowing golden altar of the Shining One.
  2871 | D:4      | Reached XP level 6. HP: 52/52 MP: 5/5
  2900 | D:4      | Reached skill level 6 in Axes
  3224 | D:5      | Entered Level 5 of the Dungeon
  3229 | D:5      | Found a sacrificial altar of Ru.
  3357 | D:5      | Reached XP level 7. HP: 53/60 MP: 6/6
  3362 | D:5      | Reached skill level 5 in Dodging
  3632 | D:5      | Found a staircase to the Ecumenical Temple.
  3638 | Temple   | Entered the Ecumenical Temple
  3797 | D:5      | Reached skill level 7 in Axes
  3917 | D:5      | You fall through a shaft for 3 floors!
  3917 | D:8      | Found a blossoming altar of Fedhas.
  4052 | D:7      | Reached skill level 5 in Fighting
  4200 | D:7      | Found a flagged portal.
  4214 | D:7      | Got a shimmering spear
  4215 | D:7      | Identified the cursed +0 spear "Buism" {flame, Int+5} (You
                  | found it on level 7 of the Dungeon)
  4221 | Bailey   | Entered a bailey
  4757 | Bailey   | Shot with a bolt by an orc

Vault maps used:
D:1:      dpeg_arrival_connections
D:2:      grunt_qazlal_sundering
D:3:      elyvilon_altar_4
D:4:      nicolae_tso_besieged_by_evil, nicolae_overflow_hidden_temple,
          first_ration, dk_xom_monty_hall
D:5:      overflow_temple_1_default, minmay_temple_entry_hall, serial_shops,
          kennysheep_mini
D:7:      nicolae_whirlpool, dancing_weapons_uskayaw, enter_bailey_2,
          nicolae_ossuary_entry_ruins
D:8:      lemuel_coloured_pillars_altar, uniq_psyche
Temple:   nicolae_temple_figure_zero
Bailey:   bailey_polearm_2, bailey

Skill      XL: |  1  2  3  4  5  6  7 |
---------------+----------------------+-----
Axes           | 4 5 6 7 |  7.8
Armour         | 1 2 3 4 |  4.5
Fighting       | 3 4 5 |  5.2
Dodging        | 4 5 |  5.5
Throwing       | |  2.0

Action                   |  1- 3 |  4- 6 |  7- 9 || total
-------------------------+-------+-------+-------++-------
Melee: War axe           |    58 |    25 |       ||    83
       Headbutt          |     5 |    24 |     5 ||    34
       Hand axe          |       |    90 |    44 ||   134
  Use: Scroll            |       |       |    13 ||    13
       Potion            |       |       |     1 ||     1
 Stab: Sleeping          |     1 |       |       ||     1
  Eat: Chunk             |       |     8 |     2 ||    10
       Ration            |       |       |     1 ||     1
Armor: Leather armour    |    15 |     5 |       ||    20
       Ring mail         |       |    10 |    15 ||    25
Dodge: Dodged            |    74 |    57 |    32 ||   163

Table legend:
 A = Non-vault XP
 B = Vault XP
 C = Vault XP percentage of total XP
 D = Non-vault monster count
 E = Vault monster count
 F = Vault count percentage of total count
                 A         B        C        D         E       F
            +---------+---------+-------+---------+---------+-------
      Total |    1017 |     319 |  23.9 |      93 |      12 |  11.4
            +---------+---------+-------+---------+---------+-------
        D:1 |      44 |       0 |   0.0 |      25 |       0 |   0.0
        D:2 |     166 |       0 |   0.0 |      24 |       0 |   0.0
        D:3 |      38 |       0 |   0.0 |      14 |       0 |   0.0
        D:4 |     231 |     101 |  30.4 |      13 |      10 |  43.5
        D:5 |     471 |       0 |   0.0 |      12 |       0 |   0.0
        D:7 |      54 |     218 |  80.1 |       4 |       2 |  33.3
        D:8 |      13 |       0 |   0.0 |       1 |       0 |   0.0
            +---------+---------+-------+---------+---------+-------
